 Dungeon Crawl Stone Soup version 0.22-a0-149-g870e420 (webtiles) character file.

12898 Amnesiac the Geomancer (level 11, -7/68 HPs)
             Began as a Mummy Earth Elementalist on Feb 7, 2018.
             Was a Believer of Ashenzari.
             Mangled by a hornet zombie (8 damage)
             ... on level 10 of the Dungeon.
             The game lasted 00:39:07 (11947 turns).

Amnesiac the Geomancer (Mummy Earth Elementalist)  Turns: 11947, Time: 00:39:07

Health: -7/68      AC:  7    Str: 11    XL:     11   Next: 68%
Magic:  0/25       EV: 12    Int: 19    God:    Ashenzari [**....]
Gold:   410        SH:  0    Dex: 12    Spells: 18/30 levels left

rFire    + . .     SeeInvis +   w - +1 dagger (drain)
rCold    + . .     Gourm    .   (no shield)
rNeg     + + +     Faith    .   I - +2 robe
rPois    ∞         Spirit   .   (no helmet)
rElec    .         Reflect  .   D - scarf {rC+ rF+}
rCorr    .         Harm     .   i - +1 pair of gloves
MR       +....                  o - +0 pair of boots
Stlth    ++++......             (no amulet)
HPRegen  0.21/turn              x - ring of fire (curse)
MPRegen  0.19/turn              y - ring of see invisible (curse)

@: about to teleport
A: no food or potions, fire vulnerability, cold resistance 1, negative energy
resistance 3, torment resistance, unbreathing
a: Curse Item, Scrying, Renounce Religion


You were on level 10 of the Dungeon.
You worshipped Ashenzari.
Ashenzari was pleased with you.
You were not hungry.

You visited 1 branch of the dungeon, and saw 10 of its levels.
You also visited: Sewer.

You collected 754 gold pieces.
You spent 344 gold pieces at shops.

Inventory:

Hand Weapons
 h - a +0 dagger of freezing
 w - a +1 dagger of draining (weapon)
 A - a +3 dagger of distortion
Missiles
 b - 178 stones
 l - 6 javelins (quivered)
 q - 7 javelins of returning
 r - 6 needles of sleeping
 u - 22 poisoned needles
 B - a throwing net
Armour
 c - a +2 robe of cold resistance
 i - a +1 pair of gloves (worn)
 o - a +0 pair of boots (worn)
 D - a scarf of resistance (worn)
 I - a +2 robe (worn)
Jewellery
 k - an uncursed ring of flight
 x - a cursed ring of fire (left hand)
 y - a cursed ring of see invisible (right hand)
 z - an uncursed ring of resist corrosion
 C - a +3 ring of intelligence
 J - an uncursed ring of ice
Wands
 n - a wand of random effects (27)
 p - a wand of digging (22)
Scrolls
 a - 2 scrolls of identify {!r}
 e - 9 scrolls of teleportation {!r}
 g - 3 scrolls of immolation {!r}
 j - 2 scrolls of fog {!r}
 m - 3 scrolls of amnesia {!r}
 s - a scroll of enchant weapon {!r}
 t - a scroll of blinking {!r}
 v - 2 scrolls of magic mapping {!r}
 E - 3 scrolls of remove curse {!r}
 K - a scroll of brand weapon {!r}
Books
 d - a book of Geomancy

   Spells                             Type                      Level
   a - Sandblast                      Earth                        1
   b - Passwall                       Transmutation/Earth          2
   c - Stone Arrow                    Conjuration/Earth            3
   d - Petrify                        Transmutation/Earth          4
   e - Lee's Rapid Deconstruction     Earth                        5
 F - the Reference Book on Nocuous Creation
   (You found it on level 7 of the Dungeon)

   Spells                             Type                      Level
   a - Sting                          Conjuration/Poison           1
   b - Poisonous Vapours              Poison/Air                   2
   c - Call Imp                       Summoning                    2
   d - Summon Demon                   Summoning                    5
   e - Dragon's Call                  Summoning                    9
 G - a book of Air

   Spells                             Type                      Level
   a - Shock                          Conjuration/Air              1
   b - Swiftness                      Charms/Air                   2
   c - Static Discharge               Conjuration/Air              3
   d - Airstrike                      Air                          4
   e - Lightning Bolt                 Conjuration/Air              5
Miscellaneous
 f - a sack of spiders
 H - a fan of gales


   Skills:
 + Level 7.4 Short Blades
 - Level 1.5 Dodging
 + Level 8.2 Stealth
 - Level 10.1 Spellcasting
 - Level 0.7(1.4) Transmutations
 - Level 10.2(11.5) Earth Magic


You had 18 spell levels left.
You knew the following spells:

 Your Spells              Type           Power        Failure   Level  Hunger
a - Sandblast             Erth           ######       1%          1    N/A
b - Passwall              Tmut/Erth      ####......   1%          2    N/A
d - Lee's Rapid Deconstr  Erth           ######....   1%          5    N/A
e - Petrify               Tmut/Erth      ####....     4%          4    N/A

Dungeon Overview and Level Annotations

Branches:
Dungeon (10/15)            Temple (0/1) D:6
   Lair: D:8-11         Orc: D:9-12

Altars:
Ashenzari
Cheibriados
Kikubaaqudgha
Okawaru
Vehumet
Wu Jian
Xom
Yredelemnul
Zin
The Shining One

Shops:
D:10 *

Annotations:
D:9 Erolcha


Innate Abilities, Weirdness & Mutations

You do not eat or drink.
Your flesh is vulnerable to fire.
You are immune to poison.
Your flesh is cold resistant. (rC+)
You are immune to negative energy. (rN+++)
You are immune to unholy pain and torment.
You can survive without breathing.


Message History

Press: ? - help, Shift-Dir - straight line, f/p - hellwing
Aim: a hellwing (chance to defeat MR: 28%)
The hellwing easily resists.
The hellwing hits you. The hellwing closely misses you.
Casting: Petrify (safe; 4% risk of failure)
Confirm with . or Enter, or press ? or * to list all spells.
You don't have enough magic to cast that spell.
There is a stone staircase leading down here.
You see here an uncursed leather armour.
The hellwing swoops through the air toward you!
The hellwing completely misses you. The hellwing hits you.
* * * LOW HITPOINT WARNING * * *
You see here an uncursed leather armour.
Casting: Petrify (safe; 4% risk of failure)
Confirm with . or Enter, or press ? or * to list all spells.
Aiming: Sandblast (safe; 1% risk of failure)
Press: ? - help, Shift-Dir - straight line, f/p - hellwing
Aim: a hellwing
Okay, then.
Really read
e - 10 scrolls of teleportation {!r}?
As you read the scroll of teleportation {!r}, it crumbles to dust.
You feel strangely unstable. The hornet zombie misses you.
The hornet zombie hits you.
* * * LOW HITPOINT WARNING * * *
The hellwing hits you.
* * * LOW HITPOINT WARNING * * *
The hellwing hits you but does no damage.
Casting: Sandblast (safe; 1% risk of failure)
Confirm with . or Enter, or press ? or * to list all spells.
Aiming: Petrify (safe; 4% risk of failure)
Press: ? - help, Shift-Dir - straight line, f/p - hellwing
Aim: a hellwing (chance to defeat MR: 28%)
The hellwing easily resists.
The hornet zombie barely misses you. The hellwing misses you.
The hellwing closely misses you.
Casting: Petrify (safe; 4% risk of failure)
Confirm with . or Enter, or press ? or * to list all spells.
Aiming: Sandblast (safe; 1% risk of failure)
Press: ? - help, Shift-Dir - straight line, f - hornet zombie, p - hellwing
Aim: a hornet zombie (severely damaged)
The blast of sand hits the hornet zombie.
The hornet zombie is almost destroyed.
b - 178 stones The hornet zombie hits you!
* * * LOW HITPOINT WARNING * * *
The hellwing hits you!
* * * LOW HITPOINT WARNING * * *
The hellwing hits you but does no damage.
You can't drink.
Unknown command.
You hit the hornet zombie.
The hornet zombie is almost destroyed.
The hornet zombie hits you.
* * * LOW HITPOINT WARNING * * *
Okay, then.
You hit the hornet zombie but do no damage.
The hornet zombie is almost destroyed.
The hellwing completely misses you. The hellwing hits you.
* * * LOW HITPOINT WARNING * * *
The hornet zombie hits you!
* * * LOW HITPOINT WARNING * * *
You hit the hornet zombie.
The hornet zombie is almost destroyed.
The hornet zombie hits you!
You die...

#.##...........# #.# #..#
#.##...........#####.# #..#
#.##..###.###........# #...
#.##......†..†..###### #...
#.........###..###########)#.
#####.######.<...............
#.# #.##########...### #.#
#4# #.#.... ##.## #@# #.####.
########...## #Z# #.####.
#...........# #l# #......
#.######....# #.# #####.# #.#
#.....#.# #.# #.# #.#
#.#####.# #.# #.# #.# #.# #.#
#.# #.# #.###.# #.# #.# #.#
#...#.#####.####.#### #.#


You could see a hellwing, an iguana and a hornet zombie.

Vanquished Creatures
  Fannar (D:10)
  2 two-headed ogres
  An unseen horror (D:10)
  An obsidian statue (D:7)
  Joseph (D:9)
  Psyche (D:10)
  A hellwing (D:10)
  A troll (D:10)
  A hornet (D:8)
  A hippogriff (D:10)
  A wraith (D:9)
  9 yaks (D:9)
  3 hungry ghosts
  Grum (D:10)
  A water moccasin (D:8)
  5 orc warriors
  3 wolves (D:10)
  9 ogres
  6 centaurs
  A crocodile (Sewer)
  A big kobold (D:9)
  6 bullfrogs
  A gnoll sergeant (D:9)
  A wyvern zombie (D:10)
  A wyvern skeleton (D:8)
  4 scorpions
  9 killer bees
  5 wights (D:9)
  An electric eel (D:7)
  2 howler monkeys
  4 crimson imps
  2 bullfrog zombies (D:10)
  5 centaur zombies
  A jelly (D:8)
  5 orc priests
  4 hounds
  Crazy Yiuf (D:2)
  3 iguanas
  Jessica (D:2)
  Terence (D:2)
  9 orc wizards
  11 worker ants
  Natasha (twice) (D:2)
  A killer bee zombie (D:7)
  A hound skeleton (D:9)
  5 gnolls (D:9)
  7 adders
  4 shadow imps
  2 oozes (D:1)
  2 adder skeletons (D:4)
  An adder zombie (D:5)
  A worm (D:2)
  5 dart slugs
  8 leopard geckos
  41 orcs
  9 giant cockroaches
  4 goblins
  9 hobgoblins
  11 jackals
  8 kobolds
  4 quokkas
  2 ball pythons
  18 bats
  4 frilled lizards
  A leopard gecko skeleton (D:6)
  A leopard gecko zombie (D:8)
  A quokka skeleton (D:5)
  7 rats
287 creatures vanquished.

Vanquished Creatures (others)
  3 withered plants (D:10)
3 creatures vanquished.

Grand Total: 290 creatures vanquished

Notes
Turn   | Place    | Note
-------+----------+-------------------------------------------
     0 | D:1      | Amnesiac the Mummy Earth Elementalist began the quest for the Orb.
     0 | D:1      | Reached XP level 1. HP: 13/13 MP: 4/4
   181 | D:1      | Reached XP level 2. HP: 13/19 MP: 0/5
   760 | D:1      | Reached XP level 3. HP: 24/24 MP: 2/7
  1381 | D:2      | Noticed Terence
  1728 | D:2      | Noticed Natasha
  1734 | D:2      | Killed Natasha
  1734 | D:2      | Reached XP level 4. HP: 30/30 MP: 4/9
  1763 | D:2      | Learned a level 4 spell: Petrify
  1766 | D:2      | Learned a level 2 spell: Passwall
  1868 | D:2      | Noticed Natasha
  1880 | D:2      | Killed Natasha
  1896 | D:2      | Noticed Jessica
  1905 | D:2      | Killed Jessica
  1961 | D:2      | Reached XP level 5. HP: 22/35 MP: 7/11
  1970 | D:2      | Killed Terence
  2171 | D:2      | Found a runed door.
  2307 | D:2      | Noticed Crazy Yiuf
  2313 | D:2      | Killed Crazy Yiuf
  2413 | D:3      | Found a shattered altar of Ashenzari.
  2423 | D:3      | Became a worshipper of Ashenzari the Shackled
  2469 | D:3      | Found a glowing drain.
  2485 | Sewer    | Entered a sewer
  2605 | Sewer    | Noticed a crocodile
  2613 | Sewer    | Learned a level 5 spell: Lee's Rapid Deconstruction
  2642 | Sewer    | Killed a crocodile
  2642 | Sewer    | Reached XP level 6. HP: 13/41 MP: 3/13
  2853 | D:3      | Reached skill level 5 in Spellcasting
  2857 | D:3      | Reached skill level 5 in Earth Magic
  3468 | D:4      | Found a glowing silver altar of Zin.
  4030 | D:4      | Reached XP level 7. HP: 46/46 MP: 11/15
  4779 | D:5      | Entered Level 5 of the Dungeon
  5270 | D:5      | Found an ancient bone altar of Kikubaaqudgha.
  5389 | D:6      | Found a shimmering altar of Xom.
  5441 | D:6      | Noticed a hungry ghost
  5478 | D:6      | Reached XP level 8. HP: 31/52 MP: 12/18
  5826 | D:6      | Found a staircase to the Ecumenical Temple.
  6120 | D:6      | Reached * piety under Ashenzari
  6277 | D:7      | Reached skill level 1 in Short Blades
  6583 | D:7      | Reached XP level 9. HP: 48/57 MP: 5/21
  7853 | D:8      | Found an ornate altar of the Wu Jian Council.
  7930 | D:8      | Found a basalt altar of Yredelemnul.
  8260 | D:8      | Found a radiant altar of Vehumet.
  8260 | D:8      | Found a glowing golden altar of the Shining One.
  8266 | D:8      | Found an ornate altar of the Wu Jian Council.
  8268 | D:8      | Found a snail-covered altar of Cheibriados.
  8269 | D:8      | Found an iron altar of Okawaru.
  8647 | D:8      | Noticed a two-headed ogre
  8660 | D:8      | Killed a two-headed ogre
  8660 | D:8      | Reached XP level 10. HP: 63/63 MP: 15/23
  8753 | D:9      | Reached ** piety under Ashenzari
  8767 | D:9      | Noticed Joseph
  8767 | D:9      | Reached skill level 10 in Spellcasting
  8830 | D:9      | Reached skill level 10 in Earth Magic
  8944 | D:9      | Noticed Erolcha
  8966 | D:9      | Killed Joseph
  9098 | D:7      | Noticed an obsidian statue
  9100 | D:7      | Noticed a soul eater
  9182 | D:7      | Killed an obsidian statue
  9184 | D:7      | Identified the Reference Book on Nocuous Creation
  9316 | D:9      | Reached skill level 5 in Stealth
  9468 | D:9      | Reached skill level 5 in Short Blades
 10770 | D:10     | Entered Level 10 of the Dungeon
 10793 | D:10     | Noticed a two-headed ogre
 10808 | D:10     | Killed a two-headed ogre
 10808 | D:10     | Reached XP level 11. HP: 35/68 MP: 18/25
 10944 | D:10     | Noticed Psyche
 10950 | D:10     | Killed Psyche
 11063 | D:10     | Noticed an unseen horror
 11063 | D:10     | Killed an unseen horror
 11065 | D:10     | Found Plog's General Store.
 11065 | D:10     | Noticed Grum
 11075 | D:10     | Noticed Fannar
 11204 | D:10     | Killed Grum
 11495 | D:10     | Killed Fannar
 11693 | D:10     | Bought a scroll of magic mapping for 45 gold pieces
 11693 | D:10     | Bought a scroll of remove curse for 39 gold pieces
 11693 | D:10     | Bought a scroll of brand weapon for 260 gold pieces
 11946 | D:10     | HP: 1/68 [hornet zombie (8)]
 11947 | D:10     | Mangled by a hornet zombie

Vault maps used:
D:1:      dpeg_arrival_yet_another_circle, minmay_split_cup_small
D:2:      uniq_jessica, uniq_terence, uniq_crazy_yiuf_cottage, uniq_natasha
D:3:      gup_sewer_entry_pipe, grunt_ministairs_11,
          nicolae_ashenzari_panopticon
D:4:      zin_treasury, minmay_bisected
D:5:      kennysheep_mini, first_ration
D:6:      xom_butterflies, minmay_temple_entry_purple_smoke, st_stairs_11
D:7:      statuecave_lemuel, grunt_ogre_cave
D:8:      old_standard_altar, chequers_temple_overflow_minitemple, basic_altar,
          grunt_decor_arrowhead, columned_hall_lemuel, kennysheep_kite_vault
D:9:      minmay_misc_feat_diagonals, nicolae_wwwww, feat_on_display,
          uniq_erolcha, uniq_joseph
D:10:     cheibrodos_grave_circle, serial_shops, shop,
          minmay_misc_feat_ornament, uniq_fannar, uniq_psyche, uniq_grum
Sewer:    sewer_big_baddie

Skill      XL: |  1  2  3  4  5  6  7  8  9 10 11 |
---------------+----------------------------------+-----
Spellcasting   | 3 4 5 6 8 9 10 | 10.1
Earth Magic    | 3 4 5 6 8 9 10 | 10.2
Short Blades   | 2 3 5 7 |  7.4
Stealth        | 2 3 6 8 |  8.2
Dodging        | |  1.5
Transmutations | |  0.7

Action                   |  1- 3 |  4- 6 |  7- 9 | 10-12 || total
-------------------------+-------+-------+-------+-------++-------
Melee: Unarmed           |     9 |       |       |       ||     9
       Dagger            |    74 |       |   113 |   123 ||   310
       Short sword       |     4 |    17 |       |       ||    21
       Club              |       |     9 |       |       ||     9
       Quarterstaff      |       |   109 |    84 |       ||   193
Throw: Javelin           |     1 |     1 |       |       ||     2
 Cast: Sandblast         |    35 |    36 |    64 |    51 ||   186
       Passwall          |       |     6 |     5 |    24 ||    35
       Petrify           |       |     1 |    10 |    46 ||    57
       Lee's Rapid Decon |       |     1 |    30 |    18 ||    49
Invok: Curse Item        |       |       |     2 |       ||     2
  Use: Scroll            |       |       |       |    10 ||    10
 Stab: Sleeping          |     4 |     3 |     8 |    12 ||    27
       Petrified         |       |     7 |    11 |    43 ||    61
       Paralysed         |       |       |     2 |       ||     2
       Petrifying        |       |       |       |     7 ||     7
Armor: Robe              |    25 |    98 |    66 |    31 ||   220
Dodge: Dodged            |    70 |   156 |   166 |    78 ||   470

Table legend:
 A = Spawn XP
 B = Non-spawn XP
 C = Spawn XP percentage of total XP
 D = Spawn monster count
 E = Non-spawn monster count
 F = Spawn count percentage of total count
 G = Total turns spent on level
                    A         B        C        D         E        F      G
               +---------+---------+-------+---------+---------+-------+---------
         Total |       0 |   18426 |   0.0 |       0 |     287 |   0.0 | 11947
               +---------+---------+-------+---------+---------+-------+---------
           D:1 |       0 |      62 |   0.0 |       0 |      30 |   0.0 |  1331
           D:2 |       0 |     211 |   0.0 |       0 |      19 |   0.0 |  1021
           D:3 |       0 |     120 |   0.0 |       0 |      31 |   0.0 |   701
           D:4 |       0 |     607 |   0.0 |       0 |      35 |   0.0 |  1512
           D:5 |       0 |     284 |   0.0 |       0 |      17 |   0.0 |   610
           D:6 |       0 |     882 |   0.0 |       0 |      16 |   0.0 |   837
           D:7 |       0 |    1800 |   0.0 |       0 |      22 |   0.0 |  1476
           D:8 |       0 |    2900 |   0.0 |       0 |      31 |   0.0 |  1302
           D:9 |       0 |    3794 |   0.0 |       0 |      43 |   0.0 |  1766
          D:10 |       0 |    7653 |   0.0 |       0 |      37 |   0.0 |  1177
         Sewer |       0 |     113 |   0.0 |       0 |       6 |   0.0 |   214
               +---------+---------+-------+---------+---------+-------+---------
